Map: New Gettysburg LE

Players

FrostGt

  • Race: Terran Terran
  • League: Master

llllllllllll - Winner!

  • Race: Protoss Protoss
  • League: Diamond

VOD

Have the link to the VOD?

Description

Time

  • Played on: Sept. 19, 2016, 2:54 p.m.
  • Length: 16:10
Show
View Real Time Build Order
Export as new Build Order

FrostGt Terran 

Build Orders:  

Get SALT Encoding   

  12  0:01  SCV  
  13  0:13  SCV  
  14  0:18  Supply Depot  
  14  0:25  SCV  
  15  0:32  Refinery  
  15  0:40  SCV  
  16  0:46  Barracks  
  16  0:54  SCV  
  17  1:06  SCV  
  18  1:32  Orbital Command  
  18  1:33  Marine  
  19  1:43  Factory  
  19  1:56  Marine  
  20  2:12  SCV  
  21  2:17  Marine  
  22  2:30  SCV  
  23  2:56  SCV, Marine  
  25  2:59  Hellion  
  26  3:08  SCV  
  27  3:14  Marine  
  25  3:31  SCV  
  25  3:32  Hellion, Marine  
  24  3:43  SCV  
  23  3:49  Marine  
  24  3:55  SCV  
  25  4:07  SCV  
  25  4:09  Marine  
  25  4:20  SCV  
  25  4:22  Starport  
  26  4:26  Hellion  
  27  4:43  Barracks Reactor  
  27  4:45  SCV  
  28  4:48  Refinery  
  30  4:53  Factory Tech Lab  
  30  4:57  SCV  
  29  5:09  SCV  
  30  5:14  Supply Depot  
  30  5:21  Marine  
  31  5:33  Command Center  
  31  5:35  Marine  
  31  5:36  Viking, SCV  
  31  5:39  Supply Depot, Marine  
  36  5:48  Siege Tank  
  39  6:00  Marine x2  
  39  6:01  SCV  
  42  6:08  Engineering Bay  
  42  6:13  SCV  
  43  6:21  Armory  
  43  6:25  SCV  
  44  6:27  Siege Tank  
  47  6:45  SCV, Marine x2  
  47  6:46  Orbital Command  
  50  6:48  Refinery  
  50  6:57  Viking  
  50  6:59  SCV  
  53  7:07  Missile Turret  
  53  7:11  SCV  
  54  7:22  Siege Tank  
  56  7:25  SCV  
  56  7:26  SCV  
  56  7:27  Viking  
  60  7:40  Marine x2  
  62  7:58  SCV  
  62  8:12  SCV  
  61  8:17  Marine  
  62  8:24  Viking, Siege Tank, SCV, Marine, Armory  
  62  8:27  Terran Vehicle And Ship Armor Level 1, SCV  
  69  8:32  Command Center  
  70  8:35  Factory  
  70  8:42  SCV  
  70  8:46  SCV  
  60  8:52  Missile Turret  
  60  8:54  Viking, SCV  
  61  8:58  SCV  
  57  9:07  SCV  
  58  9:11  Marine  
  58  9:12  Marine  
  56  9:19  SCV  
  56  9:20  SCV  
  56  9:24  Viking  
  45  9:43  SCV  
  40  9:48  SCV  
  40  9:49  Thor  
  40  9:50  Marine x2  
  49  9:55  SCV  
  49  9:57  Missile Turret  
  47  10:00  SCV  
  47  10:02  Refinery  
  47  10:06  Viking  
  50  10:07  SCV  
  50  10:12  SCV  
  52  10:19  Missile Turret, SCV  
  53  10:24  SCV  
  54  10:30  Factory  
  54  10:31  SCV  
  54  10:34  Widow Mine x2  
  59  10:36  SCV  
  59  10:39  Thor  
  62  10:43  SCV  
  62  10:48  SCV  
  63  10:52  Bunker  
  63  10:55  SCV  
  64  11:01  SCV  
  57  11:07  SCV  
  55  11:13  SCV, Widow Mine x2  
  55  11:17  Missile Turret  
  60  11:19  SCV  
  60  11:25  SCV  
  60  11:31  SCV  
  61  11:35  Missile Turret  
  61  11:36  Refinery  
  61  11:37  SCV  
  62  11:41  Orbital Command  
  62  11:44  SCV  
  63  11:49  SCV  
  63  11:52  Refinery  
  63  11:53  Refinery  
  64  11:55  Viking  
  64  11:56  SCV  
  67  12:03  Terran Vehicle Weapons Level 1  
  67  12:17  SCV  
  68  12:24  SCV  
  68  12:26  Ghost Academy  
  68  12:28  Viking  
  68  12:29  Starport  
  71  12:33  SCV  
  71  12:34  Barracks Tech Lab  
  71  12:37  SCV  
  67  12:41  Command Center  
  66  12:45  SCV  
  66  12:46  Widow Mine x2  
  66  12:49  SCV  
  70  13:00  Factory Tech Lab  
  70  13:16  Refinery  
  70  13:37  Viking, Thor  
  77  13:41  Viking  
  77  13:42  Supply Depot  
  77  13:43  Supply Depot  
  77  14:06  Widow Mine  
  77  14:07  Hellion  
  81  14:10  Viking  
  81  14:11  Viking  
  86  14:38  SCV  
  86  14:40  Viking  
  86  14:41  Viking, Command Center  
Show
View Real Time Build Order
Export as new Build Order

llllllllllll Protoss - Winner!

Build Orders:  

Get SALT Encoding   

  12  0:01  Probe (Chrono Boost)  
  13  0:12  Probe (Chrono Boost)  
  14  0:22  Probe (Chrono Boost)  
  15  0:48  Pylon  
  15  1:06  Probe (Chrono Boost), Gateway  
  15  1:10  Gateway  
  16  1:12  Gateway  
  16  1:17  Pylon  
  16  1:24  Gateway  
  16  1:35  Pylon  
  15  1:53  Zealot  
  21  2:08  Zealot  
  19  2:26  Zealot  
  21  2:32  Zealot  
  21  2:39  Nexus  
  19  2:49  Probe (Chrono Boost)  
  20  2:53  Zealot  
  20  2:55  Pylon  
  22  3:04  Zealot  
  22  3:35  Zealot  
  24  3:45  Forge  
  18  3:51  Pylon  
  18  3:59  Zealot  
  18  4:15  Probe (Chrono Boost)  
  19  4:21  Probe (Chrono Boost)  
  19  4:24  Photon Cannon  
  20  4:26  Probe (Chrono Boost), Photon Cannon  
  21  4:32  Probe (Chrono Boost)  
  21  4:36  Probe (Chrono Boost)  
  21  4:39  Assimilator  
  21  4:42  Probe (Chrono Boost)  
  21  4:43  Assimilator  
  22  4:47  Gateway  
  22  4:48  Probe (Chrono Boost)  
  23  4:53  Probe (Chrono Boost)  
  23  4:54  Pylon  
  23  4:58  Probe (Chrono Boost)  
  25  5:03  Probe (Chrono Boost)  
  26  5:09  Probe (Chrono Boost)  
  28  5:14  Probe (Chrono Boost)  
  28  5:17  Assimilator  
  28  5:18  Assimilator  
  28  5:19  Probe (Chrono Boost)  
  29  5:24  Probe (Chrono Boost)  
  29  5:25  Photon Cannon  
  30  5:29  Photon Cannon  
  30  5:30  Probe (Chrono Boost)  
  31  5:36  Cybernetics Core  
  31  5:43  Pylon, Probe (Chrono Boost)  
  32  5:50  Pylon  
  32  5:51  Probe (Chrono Boost)  
  32  5:53  Probe (Chrono Boost)  
  34  6:01  Probe (Chrono Boost)  
  36  6:04  Probe (Chrono Boost)  
  36  6:13  Mothership Core (Chrono Boost)  
  36  6:14  Adept  
  40  6:20  Stargate  
  40  6:22  Stargate  
  40  6:24  Probe (Chrono Boost)  
  41  6:34  Photon Cannon  
  41  6:35  Probe (Chrono Boost)  
  42  6:43  Pylon  
  42  6:45  Probe (Chrono Boost)  
  43  6:48  Photon Cannon  
  43  6:50  Probe (Chrono Boost)  
  44  6:56  Probe (Chrono Boost)  
  44  7:00  Probe (Chrono Boost)  
  46  7:04  Oracle x2  
  46  7:07  Probe (Chrono Boost)  
  53  7:18  Probe (Chrono Boost)  
  54  7:29  Pylon  
  56  7:30  Probe x2 (Chrono Boost)  
  56  7:36  Oracle x2  
  56  7:42  Pylon  
  56  7:43  Pylon  
  62  8:04  Photon Cannon  
  60  8:06  Void Ray x2, Photon Cannon  
  68  8:23  Photon Cannon  
  68  8:24  Photon Cannon  
  68  8:26  Photon Cannon  
  68  8:32  Stalker  
  70  8:43  Void Ray  
  70  8:54  Void Ray  
  73  9:02  Stalker  
  78  9:09  Pylon  
  75  9:31  Void Ray  
  73  9:51  Void Ray  
  77  10:02  Nexus, Probe (Chrono Boost)  
  77  10:03  Probe (Chrono Boost)  
  77  10:04  Pylon  
  79  10:08  Void Ray  
  79  10:13  Pylon  
  80  10:15  Probe (Chrono Boost)  
  84  10:24  Stargate  
  84  10:27  Probe (Chrono Boost), Pylon  
  84  10:28  Void Ray  
  85  10:33  Mothership Core (Chrono Boost)  
  91  10:39  Probe (Chrono Boost)  
  92  10:45  Void Ray  
  88  11:05  Void Ray  
  90  11:23  Void Ray  
  86  11:27  Probe (Chrono Boost)  
  86  11:29  Probe x2 (Chrono Boost)  
  86  11:30  Void Ray  
  97  11:38  Probe (Chrono Boost)  
  100  11:40  Photon Cannon  
  100  11:41  Probe x2 (Chrono Boost)  
  100  11:42  Void Ray, Photon Cannon  
  100  11:48  Probe (Chrono Boost)  
  100  11:50  Fleet Beacon  
  100  11:52  Assimilator  
  105  11:56  Assimilator  
  105  11:59  Probe (Chrono Boost)  
  106  12:02  Photon Cannon  
  106  12:04  Photon Cannon  
  106  12:09  Probe (Chrono Boost)  
  106  12:10  Stargate  
  107  12:57  Carrier  
  113  13:05  Carrier  
  113  13:19  Graviton Catapult  
  119  13:21  Nexus  
  119  13:22  Pylon  
  119  13:26  Assimilator  
  119  13:28  Assimilator  
  111  13:57  Carrier  
  111  14:09  Carrier  
  123  14:28  Carrier  
  123  14:29  Pylon  
  123  14:31  Pylon  
  129  14:32  Pylon  
  129  14:33  Photon Cannon  
  129  14:34  Pylon  
  129  14:36  Probe (Chrono Boost), Photon Cannon  
  130  14:38  Photon Cannon  
  130  14:42  Pylon  
  130  14:43  Carrier  
  130  14:46  Probe (Chrono Boost)  
  133  15:16  Probe (Chrono Boost)  
  134  15:27  Probe (Chrono Boost), Cybernetics Core  
  141  15:29  Stargate, Cybernetics Core  
  141  15:32  Pylon  
  141  15:34  Pylon  
Tags
 
Add a new tag
Caveats
  • Supply blocks, unpowered buildings, or Contaminate may cause inaccurate times.
  • Supply counts are checked every 10 seconds.